 Dungeon Crawl Stone Soup version 0.24.0-13-gcf9b3192b9 (webtiles) character file.

Game seed: 14493641964562048697, levelgen mode: deterministic

1337 Metae the Thaumaturge (level 8, -2/38 HPs)
             Began as a Spriggan Conjurer on Nov 8, 2019.
             Was a Follower of Ru.
             Slain by an orc warrior
             ... wielding a +0 scimitar
              (11 damage)
             ... on level 6 of the Dungeon.
             The game lasted 00:58:14 (9385 turns).

Metae the Thaumaturge (Spriggan Conjurer)           Turns: 9385, Time: 00:58:15

Health: -2/38      AC:  5    Str:  4    XL:     8   Next: 35%
Magic:  0/21       EV: 18    Int: 19    God:    Ru [*.....]
Gold:   305        SH:  0    Dex: 16    Spells: 5/23 levels left

rFire    . . .     SeeInvis +   f - +4 spear (venom)
rCold    . . .     Gourm    .   (shield restricted)
rNeg     . . .     Faith    .   a - +1 robe
rPois    .         Spirit   +   h - +2 hat
rElec    .         Reflect  .   n - scarf {repulsion}
rCorr    .         Harm     .   (gloves unavailable)
MR       ++...                  (boots unavailable)
Stlth    ++........             k - amulet of guardian spirit
HPRegen  0.12/turn              A - ring of flight
MPRegen  0.17/turn              D - ring of protection from magic

@: repel missiles, very quick
A: very small, unfitting armour, see invisible, herbivore, speed 3, slow
metabolism 2, no fire magic, no summoning magic, no transmutations magic
a: Renounce Religion, Evoke Flight


You were on level 6 of the Dungeon.
You worshipped Ru.
Ru was aware of your devotion.
You were not hungry.

You visited 2 branches of the dungeon, and saw 7 of its levels.

You collected 305 gold pieces.

Inventory:

Hand Weapons
 f - a +4 spear of venom (weapon)
 x - a +2 dagger of speed
Armour
 a - a +1 robe (worn)
 h - a +2 hat (worn)
 n - a scarf of repulsion (worn)
Jewellery
 k - an amulet of guardian spirit (around neck)
 A - a ring of flight (left hand)
 D - a ring of protection from magic (right hand)
Wands
 o - a wand of random effects (23)
 B - a wand of clouds (2)
Scrolls
 b - 2 scrolls of teleportation
 e - a scroll of vulnerability {unknown}
 m - a scroll of identify
 s - a scroll of immolation
 u - a scroll of magic mapping
 v - a scroll of fear {unknown}
 y - a scroll of remove curse
Potions
 d - 3 potions of curing
 g - 2 potions of haste
 i - a potion of berserk rage {unknown}
 j - a potion of might
 p - 2 potions of lignification {unknown}
 r - a potion of resistance {unknown}
 t - a potion of mutation {unknown}
 w - a potion of invisibility {unknown}
 z - 2 potions of flight {unknown}
 C - a potion of brilliance {unknown}
Comestibles
 c - 15 rations


   Skills:
 + Level 1.6 Fighting
 - Level 3.0 Dodging
 - Level 3.0 Stealth
 + Level 8.4 Spellcasting
 + Level 5.9 Conjurations
 + Level 3.7 Evocations


You had 5 spell levels left.
You knew the following spells:

 Your Spells              Type           Power        Failure   Level  Hunger
a - Magic Dart            Conj           ####         1%          1    None
b - Searing Ray           Conj           ####..       1%          2    None
c - Dazzling Spray        Conj/Hex       ###...       8%          3    None
d - Iskenderun's Mystic   Conj           ####....     8%          4    ###....
e - Fulminant Prism       Conj/Hex       ###.......   26%         4    ###....
f - Force Lance           Conj/Tloc      ###.....     26%         4    ###....

Your spell library contained the following spells:

 Spells                   Type           Power        Failure   Level  Hunger


Dungeon Overview and Level Annotations

Branches:
Dungeon (6/15)             Temple (1/1) D:4

Altars:
Dithmenos
Elyvilon
Fedhas
Hepliaklqana
Makhleb
Okawaru
Qazlal
Ru
Sif Muna
Trog
Uskayaw
Vehumet
Xom
Yredelemnul
The Shining One


Innate Abilities, Weirdness & Mutations

You are very small and have problems with some larger weapons.
You are too small for most types of armour.
You have supernaturally acute eyesight. (SInv)
You are a herbivore.
You cover ground extremely quickly.
You need to consume almost no food.
You cannot study or cast Fire magic.
You cannot study or cast Summoning magic.
You cannot study or cast Transmutations magic.


Message History

The orc warrior is lightly wounded.
Casting: Magic Dart (safe; 1% risk of failure)
Confirm with . or Enter, or press ? or * to list all spells.
Aiming: Searing Ray (safe; 1% risk of failure)
Press: ? - help, Shift-Dir - straight line, f/p - orc warrior
Aim: an orc warrior, wielding a +0 scimitar and wearing a +0 plate armour (lightly wounded)
The searing ray hits the orc warrior.
The orc warrior is lightly wounded. (Press . to maintain the ray.)
The orc warrior hits you with a +0 scimitar!
The searing ray hits the orc warrior.
The orc warrior is moderately wounded.
The searing ray hits the orc warrior but does no damage.
The orc warrior is moderately wounded.
The orc warrior hits you with a +0 scimitar!
* * * LOW HITPOINT WARNING * * *
You see here a +0 mace.
There is a stone staircase leading up here.
The orc warrior hits you with a +0 scimitar!
You die...

# . #.............. #
.. #............... ###
.. ..........$...#
..#.# #...........##
.$^.## #............
.....######.$....)...#
..........#.>.†)..≈..#
#####..........o.....##
# ##..>.....)@.....# #
#.?........).###... #
..............# # #
..............# #
..............# #
.........<....#
..............#
#............##
##..........##


You could see an orc warrior.

Vanquished Creatures
  A water moccasin (D:5)
  3 sky beasts
  3 ogres
  A bullfrog (D:6)
  A scorpion (D:5)
  A howler monkey (D:4)
  A bullfrog zombie (D:6)
  A jelly (D:5)
  A hound (D:3)
  4 orc priests
  2 iguanas
  3 worker ants
  An orc wizard (D:4)
  A hound zombie (D:5)
  6 gnolls
  2 adders
  A shadow imp (D:5)
  2 oozes
  An adder skeleton (D:5)
  2 dart slugs (D:1)
  5 leopard geckos
  11 orcs
  A ball python (D:2)
  6 giant cockroaches
  5 goblins
  4 hobgoblins (D:1)
  11 kobolds
  A quokka (D:5)
  A ball python skeleton (D:4)
  3 bats
  2 frilled lizards
  4 rats (D:1)
92 creatures vanquished.

Vanquished Creatures (others)
  A dart slug (D:2)
  2 fulminant prisms
3 creatures vanquished.

Grand Total: 95 creatures vanquished

Notes
Turn   | Place    | Note
-------+----------+-------------------------------------------
     0 | D:1      | Metae the Spriggan Conjurer began the quest for the Orb.
     0 | D:1      | Reached XP level 1. HP: 9/9 MP: 5/5
   130 | D:1      | Reached skill level 3 in Spellcasting
   365 | D:1      | Reached XP level 2. HP: 13/13 MP: 4/7
   639 | D:1      | Learned a level 2 spell: Searing Ray
  1514 | D:1      | Reached XP level 3. HP: 16/16 MP: 5/9
  1896 | D:2      | Found a white marble altar of Elyvilon.
  2029 | D:2      | Learned a level 3 spell: Dazzling Spray
  2627 | D:3      | Reached skill level 4 in Spellcasting
  2997 | D:3      | Found a hazy altar of Hepliaklqana.
  3064 | D:3      | Reached XP level 4. HP: 21/21 MP: 6/11
  4074 | D:4      | Reached skill level 5 in Spellcasting
  4074 | D:4      | Reached XP level 5. HP: 24/24 MP: 6/13
  4087 | D:4      | Learned a level 4 spell: Iskenderun's Mystic Blast
  4088 | D:4      | Noticed an ogre
  4368 | D:4      | Found a staircase to the Ecumenical Temple.
  4385 | Temple   | Entered the Ecumenical Temple
  4470 | Temple   | Became a worshipper of Ru the Awakened
  4649 | D:4      | Killed an ogre
  4899 | D:4      | Reached XP level 6. HP: 24/28 MP: 3/15
  5437 | D:4      | Reached skill level 6 in Spellcasting
  5556 | D:4      | Noticed a sky beast
  5568 | D:4      | Killed a sky beast
  5598 | D:4      | Found a blossoming altar of Fedhas.
  6272 | D:4      | Paralysed by an orc for 7 turns
  6318 | D:4      | Learned a level 4 spell: Fulminant Prism
  6915 | D:4      | Paralysed by an orc for 6 turns
  7326 | D:5      | Entered Level 5 of the Dungeon
  7333 | D:5      | Reached skill level 5 in Conjurations
  7333 | D:5      | Reached XP level 7. HP: 29/32 MP: 11/18
  7482 | D:5      | Reached skill level 7 in Spellcasting
  7911 | D:5      | Found a shimmering blue altar of Sif Muna.
  8079 | D:5      | Reached skill level 1 in Evocations
  8142 | D:5      | Gained mutation: You cannot study or cast Fire magic. [Ru
                  | sacrifice]
  8142 | D:5      | Gained mutation: You cannot study or cast Transmutations
                  | magic. [Ru sacrifice]
  8142 | D:5      | Gained mutation: You cannot study or cast Summoning magic.
                  | [Ru sacrifice]
  8142 | D:5      | Reached * piety under Ru
  8174 | D:5      | Found an iron altar of Okawaru.
  8801 | D:5      | Reached skill level 8 in Spellcasting
  8801 | D:5      | Reached XP level 8. HP: 27/37 MP: 9/21
  9155 | D:5      | Learned a level 4 spell: Force Lance
  9165 | D:6      | Reached skill level 1 in Fighting
  9385 | D:6      | Slain by an orc warrior

Levels and vault maps discovered:
D:1:      dpeg_arrival_rhombus, layout_rooms, serial_forest,
          infiniplex_forest_clump_small, infiniplex_forest_clump_double,
          infiniplex_forest_end_3, infiniplex_forest_lined_room_2,
          infiniplex_forest_lined_2, infiniplex_forest_fountain,
          infiniplex_forest_end_double, infiniplex_forest_clump_long,
          minmay_strange_pillars
D:2:      layout_basic, elyvilon_altar_4, first_ration
D:3:      layout_basic, lemuel_round_altar
D:4:      layout_basic, kennysheep_mini_moat, minmay_temple_entry_tees
D:5:      layout_cave_pods, lemuel_coloured_pillars_altar, kennysheep_mini
D:6:      layout_rooms, lemuel_crystal_altar, zin_scriptorium, basic_altar,
          serial_glass, glass_columns_c, glass_columns_c, glass_columns_a,
          glass_columns_a
Temple:   eino_wide_crystal_templ

Skill      XL: |  1  2  3  4  5  6  7  8 |
---------------+-------------------------+-----
Conjurations   | 3 4 5 |  5.9
Spellcasting   | 3 4 5 6 8 |  8.4
Evocations     | 2 3 |  3.7
Fighting       | 1 |  1.6
Dodging        | |  3.0
Stealth        | |  3.0

Action                   |  1- 3 |  4- 6 |  7- 9 || total
-------------------------+-------+-------+-------++-------
Melee: Dagger            |    25 |    27 |       ||    52
       Spear             |       |       |     6 ||     6
 Cast: Magic Dart        |    88 |    74 |    72 ||   234
       Searing Ray       |     1 |    12 |    14 ||    27
       Dazzling Spray    |     1 |       |       ||     1
       Iskenderun's Myst |       |     2 |     1 ||     3
       Fulminant Prism   |       |     1 |     1 ||     2
Invok: Sacrifice Arcana  |       |       |     1 ||     1
  Use: Scroll            |     4 |     3 |     4 ||    11
       Potion            |       |     1 |     1 ||     2
  Eat: Ration            |       |     2 |     1 ||     3
Armor: Robe              |     2 |    14 |     6 ||    22
Dodge: Dodged            |    11 |    93 |    60 ||   164
       Deflected         |       |     6 |       ||     6
